 Dungeon Crawl Stone Soup version 0.24-a0-616-ge2a249a (webtiles) character file.

Game seed: 13070726826475574727, levelgen mode: deterministic

12 DrKleor the Skirmisher (level 2, -2/24 HPs)
             Began as a Demonspawn Abyssal Knight on Sept 13, 2019.
             Was a Follower of Lugonu.
             Slain by a kobold
             ... wielding a +3 dagger
              (3 damage)
             ... on level 1 of the Dungeon.
             The game lasted 00:01:43 (310 turns).

DrKleor the Skirmisher (Demonspawn Abyssal Knight)   Turns: 310, Time: 00:01:44

Health: -2/24      AC:  1    Str: 12    XL:     2   Next: 20%
Magic:  0/4        EV: 11    Int: 13    God:    Lugonu [*.....]
Gold:   5          SH:  0    Dex: 12    Spells: 1/1 levels left

rFire    . . .     SeeInvis .   a - +1 falchion
rCold    . . .     Gourm    .   (no shield)
rNeg     . . .     Faith    .   b - +0 leather armour
rPois    .         Spirit   +   (no helmet)
rElec    .         Reflect  .   (no cloak)
rCorr    .         Harm     .   (no gloves)
MR       .....                  (no boots)
Stlth    +.........             (no amulet)
HPRegen  0.08/turn              d - -2 ring of protection (curse)
MPRegen  0.09/turn              (no ring)

@: no status effects
A: magic shield
a: Depart the Abyss, Renounce Religion


You were on level 1 of the Dungeon.
You worshipped Lugonu.
Lugonu was aware of your devotion.
You were not hungry.

You visited 1 branch of the dungeon, and saw 1 of its levels.
You visited the Abyss 1 time.

You collected 5 gold pieces.

Inventory:

Hand Weapons
 a - a +1 falchion (weapon)
Missiles
 e - 16 poisoned darts (quivered)
Armour
 b - a +0 leather armour (worn)
Jewellery
 d - a cursed -2 ring of protection (left hand)
Comestibles
 c - a ration
 f - 4 chunks of flesh


   Skills:
 - Level 3.0 Fighting
 * Level 2.3 Long Blades
 - Level 1.7 Armour
 - Level 0.8 Dodging
 + Level 2.9 Invocations


You had one spell level left.
You didn't know any spells.
Your spell library was empty.

Dungeon Overview and Level Annotations

Branches:
Dungeon (1/15)

Altars:


Innate Abilities, Weirdness & Mutations

When hurt, damage is shared between your health and your magic reserves.


Message History

The giant cockroach bites you but does no damage.
You hit the giant cockroach.
You kill the giant cockroach!
Lugonu accepts your kill.
The kobold throws a stone.
The stone hits you.
You slash the hobgoblin!
You kill the hobgoblin!
Lugonu accepts your kill.
The kobold throws a stone.
The stone hits you. The kobold hits you with a +3 dagger.
Items here: ) ††† a +0 club; a giant cockroach corpse; a goblin corpse x2
The kobold barely misses you.
You riposte.
You closely miss the kobold. You hit the kobold but do no damage.
The kobold hits you with a +3 dagger. x2
* * * LOW HITPOINT WARNING * * *
You closely miss the kobold. The kobold barely misses you.
You barely miss the kobold. The kobold hits you with a +3 dagger.
* * * LOW HITPOINT WARNING * * *
You barely miss the kobold. The kobold hits you with a +3 dagger.
You die...

..............#
..............#
.........######
####.g.##...#
.###### ##...##.#.#
......####...###.#.#
#.........(# #(#.#
###...###....###)#.#
......# ##.....K@#.#
####### ###...#
#.........# #.....#
###...# ##.#.######
#.###.# ..#...#
#....# #.# #.#
..#...# ##.#.#
#####.# #.# ⌠.#...#
#...# #.....# #.#
..#.###
##..########.# #.#
..#.# #.....#####.#
#.# '##.#
#........##.# #.#


You could see a kobold.

Vanquished Creatures
  A bat (D:1)
  2 giant cockroaches (D:1)
  4 goblins (D:1)
  A hobgoblin (D:1)
  A kobold (D:1)
  A rat (D:1)
10 creatures vanquished.

Notes
Turn   | Place    | Note
-------+----------+-------------------------------------------
     0 | Abyss:1  | DrKleor the Demonspawn Abyssal Knight began the quest for
                  | the Orb.
     0 | Abyss:1  | Reached XP level 1. HP: 18/18 MP: 2/2
    92 | Abyss:1  | Noticed a tentacled starspawn
   101 | Abyss:1  | Noticed an ancient zyme
   104 | Abyss:1  | Noticed a thrashing horror
   104 | Abyss:1  | Noticed a deep elf sorcerer
   105 | D:1      | Escaped the Abyss
   299 | D:1      | Reached * piety under Lugonu
   299 | D:1      | Gained mutation: When hurt, damage is shared between your
                  | health and your magic reserves. [demonic ancestry]
   299 | D:1      | Reached XP level 2. HP: 18/24 MP: 4/4
   309 | D:1      | HP: 1/24 [kobold/+3 dagger (3)]
   310 | D:1      | Slain by a kobold

Levels and vault maps discovered:
D:1:      dpeg_arrival_simpleton_b, layout_basic

Skill      XL: |  1 |
---------------+----+-----
Long Blades    | 2 |  2.3
Fighting       | |  3.0
Armour         | |  1.7
Dodging        | |  0.8
Invocations    | |  2.9

Action                   || total
-------------------------++-------
Melee: Falchion          ||    24
Invok: Depart the Abyss  ||     1
Armor: Leather armour    ||     3
Dodge: Dodged            ||    15
       Rpst.: Falchion   ||     5

Table legend:
 A = Non-vault XP
 B = Vault XP
 C = Vault XP percentage of total XP
 D = Non-vault monster count
 E = Vault monster count
 F = Vault count percentage of total count
                 A         B        C        D         E       F
            +---------+---------+-------+---------+---------+-------
      Total |      18 |       0 |   0.0 |      10 |       0 |   0.0
            +---------+---------+-------+---------+---------+-------
        D:1 |      18 |       0 |   0.0 |      10 |       0 |   0.0
            +---------+---------+-------+---------+---------+-------
